details: 'dontwatchthisshitreplay'

« prev index next »

General information

Mini Map

Players

team 1
OrcLuckyCharms (teal | 38 APM | 296 actions | 07:51)
Hero icon 1 Blademaster
Ability icon 1 Wind Walk

» actions
Assign group hotkey2
Build / train22
Enter build submenu14
Enter hero's abilities submenu1
Right click147
Select / deselect93
Use ability17
296 total
» units
Peon8
Grunt7
15 total
» upgrades
Armor1
1 total
» buildings
Altar of Storms1
Orc Burrow3
Barracks1
Voodoo Lounge1
Stronghold1
War Mill1
Watch Tower2
Fortress1
11 total
» build order
00:05 Altar of Storms
00:25 Orc Burrow
00:54 Barracks
01:15 Orc Burrow
02:01 Voodoo Lounge
03:37 Stronghold
04:03 War Mill
04:15 Orc Burrow
05:40 Watch Tower
06:20 Fortress
07:18 Watch Tower
» items
Healing Salve1
1 total
team 2
UndeadTALONSAREIMBA (blue | 119 APM | 935 actions | 07:52)
Hero icon 3 Death Knight
Ability icon 2 Death Coil
Ability icon 1 Unholy Aura
Hero icon 1 Naga Sea Witch
Ability icon 1 Frost Arrows

» actions
Assign group hotkey15
Basic commands52
Build / train26
Enter build submenu8
Enter hero's abilities submenu4
Right click413
Select / deselect178
Select group hotkey199
Use ability40
935 total
» units
Acolyte2
Ghoul2
Crypt Fiend6
10 total
» upgrades
Creature Attack1
Burrow1
2 total
» buildings
Crypt1
Graveyard1
Altar of Darkness1
Ziggurat4
Tomb of Relics1
Nerubian Tower1
Halls of the Dead1
10 total
» build order
00:07 Crypt
00:18 Graveyard
00:42 Altar of Darkness
00:57 Ziggurat
01:23 Tomb of Relics
02:04 Ziggurat
02:44 Nerubian Tower
04:40 Halls of the Dead
05:00 Ziggurat
07:14 Ziggurat
» items
Rod of Necromancy4
Dust of Appearance2
6 total